 Seeded DCSS version 0.30-a0-1066-g63dfefce0d (webtiles) character file.

Game seed: 13020561292390072626 (custom seed)

661 Pimp the Trooper (level 7, 0/58 HPs)
             Began as a Barachi Fighter on Apr 12, 2023.
             Succumbed to a scorpion's poison
             ... on level 5 of the Dungeon.
             The game lasted 00:06:48 (3714 turns).

Pimp the Trooper (Barachi Fighter)                  Turns: 3714, Time: 00:06:49

Health: 0/58       AC: 18    Str: 17    XL:     7   Next: 56%
Magic:  7/7        EV:  9    Int: 10    God:
Gold:   150        SH:  0    Dex: 12    Spells: 6/6 levels left

rFire   . . .      SeeInvis .    e - +0 triple sword (protect)
rCold   . . .      Faith    .    (shield currently unavailable)
rNeg    . . .      Spirit   .    b - +1 scale mail
rPois   .          Reflect  .    l - +2 helmet
rElec   .          Rampage  .    (no cloak)
rCorr   .                        (no gloves)
Will    .....                    (no boots) Stlth
                                 (no amulet)
HPRegen 0.29/turn                p - ring of wizardry
MPRegen 0.10/turn                (no ring)

@: mighty, brilliant, lethally poisoned (0 -> -2), under a protective aura, slow
A: amphibious, slowness 1, strong legs 1, +LOS
a: Hop


You were on level 5 of the Dungeon.
You visited 1 branch of the dungeon, and saw 5 of its levels.

You collected 150 gold pieces.

Inventory:

Hand Weapons
 a - a +0 long sword
 e - a +0 triple sword of protection (weapon)
Missiles
 y - a throwing net
Armour
 b - a +1 scale mail (worn)
 c - a +0 buckler
 l - a +2 helmet (worn)
Jewellery
 p - a ring of wizardry (left hand)
 v - a ring of see invisible
 x - a +6 ring of intelligence
Wands
 q - a wand of mindburst (8)
 s - a wand of polymorph (6)
Scrolls
 f - a scroll of poison {unknown}
 g - a scroll of teleportation
 r - 2 scrolls of identify {unknown}
 u - 2 scrolls of blinking
 z - a scroll of fog {unknown}
 A - a scroll of silence
Potions
 d - a potion of might
 h - a potion of ambrosia {unknown}
 i - a potion of magic
 j - a potion of resistance {unknown}
 k - 2 potions of cancellation
 m - a potion of brilliance
 n - a potion of mutation {unknown}
 w - a potion of berserk rage {unknown}


   Skills:
 + Level 6.0 Fighting
 + Level 5.3 Long Blades
 + Level 6.0 Armour
 + Level 5.4 Shields


You had 6 spell levels left.
You didn't know any spells.
Your spell library was empty.

Dungeon Overview and Level Annotations

Branches:
Dungeon (5/15)
 Temple: D:4-7

Altars:
Ashenzari
Qazlal
Wu Jian
Xom

Annotations:
D:3 2 transporters


Innate Abilities, Weirdness & Mutations

You are amphibious.
You cover ground slowly.
You can hop short distances.
You have an extended range of vision and can be seen from far away.


Message History

It was a potion of curing.
You feel better. The scorpion closely misses you.
You feel better. The scorpion barely misses you.
You slash the scorpion!
Your weapon exudes an aura of protection.
The scorpion is almost dead.
The scorpion stings you.
* * * LOW HITPOINT WARNING * * *
The scorpion stings you but does no damage.
You hit the scorpion but do no damage.
The scorpion is almost dead.
The scorpion barely misses you. The scorpion stings you.
* * * LOW HITPOINT WARNING * * *
You are poisoned.
The scorpion poisons you!
You slice the scorpion!!
You kill the scorpion!
* * * LOW HITPOINT WARNING * * *
You feel very sick.
Your Fighting skill increases to level 6!
Your Armour skill increases to level 6!
You closely miss the scorpion.
* * * LOW HITPOINT WARNING * * *
You feel very sick. The scorpion closely misses you.
The scorpion stings you but does no damage.
You closely miss the scorpion.
* * * LOW HITPOINT WARNING * * *
You feel very sick. The scorpion closely misses you.
The scorpion barely misses you.
You barely miss the scorpion.
You feel sick. The scorpion stings you.
* * * LOW HITPOINT WARNING * * *
The scorpion stings you but does no damage.
You hit the scorpion but do no damage.
Your weapon exudes an aura of protection.
* * * LOW HITPOINT WARNING * * *
You feel sick.
The scorpion stings you but does no damage. x2
Unknown command.
You feel very mighty all of a sudden.
You die...

... #.####.#####....... ...
#..........'.......
.#.###############...#####...#...
..).....#.†...........# #.......
........#.####..#####.# ###.#...
...##..........######.# #.#...
........o.[.........#.# #.#...
.....####$#########.#.# #.#...
.>............{s@.# #.# #
#######.......W##...#.#
#........# #..#.# #........#
....# #........# ....# #........#
.#.... #........# #....
#......... #.. #........## ..


You could see a phantom and a scorpion.

Vanquished Creatures
  An ogre (D:4)
  A phantom (D:4)
  A scorpion (D:5)
  3 hounds (D:5)
  2 orc priests
  Natasha (thrice) (D:2)
  4 iguanas (D:4)
  4 adders
  A worm (D:2)
  4 dart slugs
  10 orcs
  7 endoplasms
  3 giant cockroaches
  5 goblins
  5 hobgoblins
  3 jackals (D:2)
  5 kobolds
  2 quokkas
  6 ball pythons
  2 bats
  A frilled lizard (D:1)
  3 rats
76 creatures vanquished.

Notes
Turn   | Place    | Note
-------+----------+-------------------------------------------
     0 | D:1      | Pimp the Barachi Fighter began the quest for the Orb.
     0 | D:1      | Reached XP level 1. HP: 18/18 MP: 1/1
    38 | D:1      | Identified a scroll of acquirement
    38 | D:1      | Acquired a +0 heavy triple sword
   261 | D:1      | Reached XP level 2. HP: 25/25 MP: 2/2
   737 | D:2      | Noticed Natasha
   743 | D:2      | Killed Natasha
   744 | D:2      | Reached XP level 3. HP: 27/30 MP: 3/3
   900 | D:2      | Noticed Natasha
   905 | D:2      | Killed Natasha
   906 | D:2      | Reached XP level 4. HP: 18/38 MP: 4/4
  1142 | D:2      | Noticed Natasha
  1149 | D:2      | Killed Natasha
  1493 | D:2      | Reached XP level 5. HP: 43/43 MP: 5/5
  1595 | D:3      | Found a broken altar of Ashenzari.
  1809 | D:3      | Found a shimmering altar of Xom.
  1831 | D:3      | Found a transporter.
  1868 | D:3      | Found a transporter.
  1877 | D:3      | Found a stormy altar of Qazlal.
  2361 | D:4      | Reached skill level 5 in Armour
  2361 | D:4      | Reached XP level 6. HP: 10/50 MP: 6/6
  2362 | D:4      | Reached skill level 5 in Fighting
  2687 | D:4      | Found an ornate altar of the Wu Jian Council.
  3038 | D:4      | Reached skill level 5 in Shields
  3038 | D:4      | Reached XP level 7. HP: 36/56 MP: 7/7
  3379 | D:5      | Entered Level 5 of the Dungeon
  3432 | D:5      | Reached skill level 5 in Long Blades
  3700 | D:5      | HP: 1/57 [poisoned by a scorpion]
  3712 | D:5      | HP: 2/58 [scorpion (3)]
  3714 | D:5      | Succumbed to a scorpion's poison

Illustrated notes

Levels and vault maps discovered:
D:1:      lightli_arrival_lavapool, layout_basic
D:2:      layout_loops_ring, uniq_natasha
D:3:      gammafunk_steamed_eel, layout_loops_cross,
          ashenzari_conservatory_becter, mainiacjoe_overflow_brackets,
          xom_teletrap_fun, serial_bayou_crossing
D:4:      layout_basic, nicolae_wu_jian_wuxing_cycle
D:5:      layout_basic, uniq_prince_ribbit1

Skill      XL: |  1  2  3  4  5  6  7 |
---------------+----------------------+-----
Fighting       | 4 5 6 |  6.0
Long Blades    | 3 4 5 |  5.3
Armour         | 4 5 6 |  6.0
Shields        | 4 5 |  5.4

Action                     |  1- 3 |  4- 6 |  7- 9 || total
---------------------------+-------+-------+-------++-------
  Melee: Triple sword      |    46 |   156 |    52 ||   254
         Long sword        |     1 |       |       ||     1
    Use: Scroll            |     1 |     7 |       ||     8
         Potion            |       |       |    10 ||    10
 Armour: Scale mail        |    62 |   109 |    78 ||   249
  Dodge: Dodged            |    31 |    90 |    66 ||   187

Table legend: (Time is in decaauts)
 A = Elapsed time spent in this place.
 B = Non-inter-level travel time spent in this place.
 C = Inter-level travel time spent in this place.
 D = Time resting spent in this place.
 E = Time spent auto-exploring this place.
 F = Levels seen in this place.
 G = Mean time per level.
                   A        B        C        D        E       F      G
               +--------+--------+--------+--------+--------+-----+--------+
         Total |   4435 |   4330 |    105 |    550 |   2814 |   5 |  887.0 |
       Dungeon |   4435 |   4330 |    105 |    550 |   2814 |   5 |  887.0 |
               +--------+--------+--------+--------+--------+-----+--------+

Top non-repeatable levels by time:
     D:4: 1362 daAuts
     D:2: 970 daAuts
     D:1: 873 daAuts
     D:3: 814 daAuts
     D:5: 414 daAuts
